 Dungeon Crawl Stone Soup version 0.27-a0-54-g64bdb92e38 (webtiles) character file.

Game seed: 15466968744166739379

97286 runemasterragnar the Warrior (level 16, -12/195 HPs)
             Began as an Ogre Monk on Jan 7, 2021.
             Was the Champion of Okawaru.
             Mangled by a reaper
             ... wielding a +2 scythe of venom
              (31 damage)
             ... in a Gauntlet on Jan 8, 2021.
             The game lasted 00:48:54 (29471 turns).

runemasterragnar the Warrior (Ogre Monk)           Turns: 29471, Time: 00:48:54

Health: -12/195    AC: 12    Str: 19    XL:     16   Next: 19%
Magic:  24/24      EV: 14    Int: 20    God:    Okawaru [******]
Gold:   2639       SH:  5    Dex: 11    Spells: 15/15 levels left

rFire    + . .     SeeInvis .   i - +11 war axe of Ipabron {flame, Int+4}
rCold    + . .     Faith    .   (no shield)
rNeg     . . .     Spirit   .   P - +1 troll leather armour
rPois    .         Reflect  +   L - +2 hat {Will+}
rElec    .         Harm     .   B - scarf {rC+ rF+}
rCorr    .         Rampage  .   (gloves unavailable)
Will     ++...     NoTele   +   (boots unavailable)
Stlth    +.........             t - amulet of reflection
HPRegen  0.82/turn              K - +4 ring of slaying
MPRegen  0.19/turn              y - +4 ring of protection

@: no status effects
A: large, unfitting armour, hooves 1, tough skin 1, subdued magic 1
a: Renounce Religion, Heroism, Finesse


You were in a Gauntlet.
You worshipped Okawaru.
Okawaru was exalted by your worship.
You visited 4 branches of the dungeon, and saw 20 of its levels.
You visited the Abyss 1 time.
You also visited: Bailey, Gauntlet and Volcano.

You collected 2639 gold pieces.

Inventory:

Hand Weapons
 i - the +11 war axe of Ipabron (weapon) {flame, Int+4}
   (You found it on level 4 of the Dungeon)

   It has been specially enchanted to burn those struck by it, causing extra
   injury to most foes and up to half again as much damage against particularly
   susceptible opponents.
   Big, fiery blades are also staple armaments of hydra-hunters.
   It affects your intelligence (+4).
 q - the +6 mace "Dragonbane" {vorpal, rPois Str+3}
   (You found it on level 4 of the Lair of Beasts)

   It inflicts extra damage upon your enemies.
   It affects your strength (+3).
   It protects you from poison.
 v - a +2 executioner's axe of freezing
 F - the +2 broad axe of the Fray {vamp, Dex+4}
   (Okawaru gifted it to you on level 2 of the Abyss)

   It inflicts no extra harm, but heals its wielder when it wounds a living foe.
   It affects your dexterity (+4).
 Y - a +2 great mace of flaming
Missiles
 b - 32 boomerangs
 m - 7 silver javelins
 A - 17 poisoned darts
 C - a throwing net
 M - 18 large rocks (quivered)
 W - 7 curare-tipped darts
Armour
 d - a +2 robe of positive energy
 B - a scarf of resistance (worn)
 L - a +2 hat of willpower (worn)
 P - a +1 troll leather armour (worn)
 Z - a +1 robe of fire resistance
Jewellery
 j - the ring "Yholes" {rPois Str+4}
   (You found it in a bailey)

   [ring of poison resistance]

   It affects your strength (+4).
   It protects you from poison.
 l - an uncursed ring of poison resistance
 t - an amulet of reflection (around neck)
 u - an uncursed ring of protection from cold
 w - an uncursed ring of magical power {unknown}
 y - a +4 ring of protection (right hand)
 E - an uncursed ring of protection from cold
 J - an uncursed ring of magical power {unknown}
 K - a +4 ring of slaying (left hand)
Wands
 h - a wand of polymorph (18)
 x - a wand of disintegration (4)
 I - a wand of random effects (19)
 S - a wand of flame (26)
 V - a wand of paralysis (10)
Scrolls
 a - a scroll of fog
 f - 7 scrolls of teleportation
 g - 11 scrolls of remove curse
 k - 3 scrolls of enchant weapon
 z - 2 scrolls of magic mapping
 Q - 3 scrolls of amnesia
Potions
 c - 2 potions of attraction
 e - 7 potions of curing
 n - 3 potions of ambrosia {unknown}
 o - a potion of magic
 p - a potion of haste
 r - 3 potions of flight
 s - a potion of resistance
 G - 2 potions of might
 H - a potion of brilliance {unknown}
 X - a potion of degeneration {unknown}
Miscellaneous
 O - a condenser vane (inert)


   Skills:
 * Level 20.5 Fighting
 + Level 11.5(11.9) Axes
 - Level 3.9(8.0) Maces & Flails
 + Level 11.7 Throwing
 + Level 2.8 Armour
 - Level 11.0 Dodging
 - Level 1.4 Stealth
 + Level 11.3 Invocations


You had 15 spell levels left.
You didn't know any spells.
Your spell library contained the following spells:

 Spells                   Type           Power        Failure   Level
 Magic Dart               Conj           0%           19%         1
 Sandblast                Erth           0%           19%         1
 Sting                    Tmut/Pois      0%           19%         1
 Passwall                 Tmut/Erth      0%           30%         2
 Poisonous Vapours        Pois/Air       0%           30%         2
 Searing Ray              Conj           0%           30%         2
 Conjure Flame            Conj/Fire      0%           52%         3
 Dazzling Flash           Conj/Hex       0%           52%         3
 Ignite Poison            Fire/Tmut/Pois 0%           52%         3
 Mephitic Cloud           Conj/Pois/Air  0%           52%         3
 Stone Arrow              Conj/Erth      0%           52%         3
 Fulminant Prism          Conj/Hex       0%           90%         4
 Iskenderun's Mystic Bla  Conj/Tloc      0%           90%         4
 Olgreb's Toxic Radiance  Pois           0%           90%         4
 Petrify                  Tmut/Erth      0%           90%         4
 Lee's Rapid Deconstruct  Erth           0%           99%         5
 Freezing Cloud           Conj/Ice/Air   0%           100%        6


Dungeon Overview and Level Annotations

Branches:
Dungeon (11/15)            Temple (1/1) D:7            Lair (6/6) D:8
  Swamp (0/4) Lair:3       Spider (0/4) Lair:2        Slime (0/5) Lair:5
    Orc (2/2) D:10            Elf (0/3) Orc:2        Bailey (visited)
Volcano (visited)         Gauntlet (1/1)

Altars:
Ashenzari
Cheibriados
Dithmenos
Elyvilon
Fedhas
Gozag
Hepliaklqana
Kikubaaqudgha
Nemelex Xobeh
Okawaru
Qazlal
Ru
Sif Muna
Trog
Uskayaw
Vehumet
Wu Jian
Xom
Yredelemnul
Zin
The Shining One
Jiyva

Shops:
D:6 }   Orc:2 ***

Annotations:
Lair:1 exclusion: oklob plant Gauntlet 11 transporters


Innate Abilities, Weirdness & Mutations

You are too large for most types of armour.
You have tough skin. (AC +1)
You have large cloven feet.
Your spells are a little easier to cast, but a little less powerful.


Message History

* * * LOW HITPOINT WARNING * * *
Unknown command.
You feel better.
The reaper hits you with a +2 scythe of venom!!
* * * LOW HITPOINT WARNING * * *
You are lethally poisoned!
You feel better.
Okay, then.
Okay, then.
Okay, then.
It was a potion of mutation.
You feel extremely strange.
Your connection to magic feels subdued.
Your feet thicken and deform.
You block the reaper's attack.
Throw: 19 large rocks
Press: ? - help, Q - select action, (/) - cycle Shift-Dir - straight line, f - reaper
Aim: a reaper, wielding a +2 scythe of venom You throw a large rock.
The large rock hits the reaper.
The reaper is lightly wounded.
The reaper hits you with a +2 scythe of venom!!
You die...

.#..#.#...##.##.##.##≈#.#######.#
#.#..##...#####.#####≈#.........#
.©.#?.#...#....©....#≈#G."?©?...#
#######...#######################
.©#.....≈.....#©...........©#....
###....≈8§....#######.#######....
........≈...........#.#........##
#######...###########.#........#8
...uGG#...##.#..@©###.#..########
^.^##.#...#.#..##2#.#.#..#8#
#.#.#.#...##=.##.##.#.#..###
#.##.!#...#:####.#.##.#..#
.©.#.©#...#©.####.###©#..###
#.##./#...#..###.#..###..#8# #
#.#=#...#?##.#.#.##....###
^.^##.#...#.......#.#....#
......#...#..#.#.#..#..###


You could see a reaper and a great orb of eyes.

Vanquished Creatures
  Gastronok (D:8)
  Nessos (Lair:4)
  A dire elephant (Lair:4)
  An ettin (Orc:2)
  Josephine (D:9)
  7 hydras
  A boulder beetle (Lair:5)
  7 two-headed ogres
  2 catoblepae
  An ogre mage (Volcano)
  5 death yaks
  A tengu warrior (D:10)
  4 orc high priests (Orc:2)
  4 hell hogs (Abyss:2)
  A soul eater (Orc:2)
  A hell knight (Volcano)
  Sonja (Lair:3)
  A sun demon (Orc:2)
  Nergalle (D:10)
  A skeletal warrior (D:9)
  A fire crab (Gauntlet)
  2 bog bodies (Lair:3)
  A necromancer (Lair:2)
  8 orc knights
  5 orc sorcerers
  8 black mambas
  27 elephants
  A torpor snail (Lair:2)
  28 cane toads
  2 orange demons (Orc:2)
  8 rime drakes
  9 komodo dragons
  An ice devil (Gauntlet)
  A tormentor (Abyss:2)
  A red devil (Orc:2)
  2 tyrant leeches (Lair:6)
  2 hellwings (Gauntlet)
  2 trolls
  4 polar bears
  25 blink frogs
  7 dream sheep (Lair:4)
  4 raiju (Abyss:2)
  3 large abominations (Abyss:2)
  4 shadows (D:9)
  13 flying skulls
  A spriggan (Lair:4)
  2 wyverns
  3 redbacks (Lair:2)
  12 fire bats
  2 ynoxinuls
  A wandering mushroom (Lair:1)
  2 wraiths (D:9)
  17 yaks
  2 basilisks
  A steam dragon (Lair:3)
  6 vampire mosquitoes (Lair:6)
  7 wargs
  11 water moccasins
  4 hell hounds
  3 black bears
  A sky beast (D:6)
  44 orc warriors
  2 phantoms
  A necrophage (D:5)
  A hornet zombie (D:6)
  14 ogres
  21 wolves
  2 centaurs
  2 big kobolds
  27 bullfrogs
  4 scorpions
  A wyvern skeleton (D:9)
  2 ballistomycetes (Lair:1)
  14 killer bees (D:8)
  5 howler monkeys
  A wight (D:9)
  5 electric eels
  5 lava snakes (Volcano)
  4 bullfrog zombies
  3 small abominations (Abyss:2)
  2 centaur skeletons
  18 orc wizards
  2 hounds
  4 bullfrog skeletons
  29 orc priests
  An iron imp (Abyss:2)
  2 iguanas
  6 hell rats
  12 worker ants
  Terence (D:2)
  A yak simulacrum (Lair:2)
  5 wolf simulacra (Lair:2)
  A killer bee zombie (D:9)
  2 polar bear simulacra (Lair:2)
  2 hound skeletons (D:9)
  A hound zombie (D:9)
  3 worker ant zombies (D:9)
  A howler monkey zombie (D:9)
  3 gnolls (D:4)
  2 river rats (Lair:5)
  8 adders
  4 shadow imps
  7 white imps
  3 ufetubi
  An ooze (D:5)
  2 adder skeletons
  3 adder zombies
  3 worms (D:2)
  2 dart slugs
  5 leopard geckos
  78 orcs
  6 giant cockroaches
  6 goblins
  9 hobgoblins
  6 jackals
  7 quokkas
  2 ball pythons
  8 bats
  4 frilled lizards
  A jackal skeleton (D:9)
  15 kobolds
  A leopard gecko skeleton (D:7)
  13 rats
  3 river rat simulacra (Lair:2)
740 creatures vanquished.

Vanquished Creatures (others)
  17 demonic plants (Gauntlet)
  128 fungi
  276 plants
  17 withered plants (Gauntlet)
438 creatures vanquished.

Grand Total: 1178 creatures vanquished

Notes
Turn   | Place    | Note
-------+----------+-------------------------------------------
     0 | D:1      | runemasterragnar the Ogre Monk began the quest for the Orb.
     0 | D:1      | Reached XP level 1. HP: 24/24 MP: 1/1
   179 | D:1      | Reached XP level 2. HP: 33/33 MP: 2/2
   624 | D:1      | Reached XP level 3. HP: 41/41 MP: 3/3
  1002 | D:2      | Reached skill level 5 in Fighting
  1615 | D:2      | Noticed Terence
  1625 | D:2      | Killed Terence
  1626 | D:2      | Reached XP level 4. HP: 24/50 MP: 4/4
  2429 | D:2      | Reached XP level 5. HP: 41/59 MP: 5/5
  2932 | D:3      | Reached skill level 6 in Fighting
  3444 | D:3      | Found a radiant altar of Vehumet.
  3662 | D:3      | Found an ancient bone altar of Kikubaaqudgha.
  3662 | D:3      | Found a shimmering blue altar of Sif Muna.
  3669 | D:3      | Found a glowing silver altar of Zin.
  3671 | D:3      | Found a faded altar of an unknown god.
  3673 | D:3      | Found a stormy altar of Qazlal.
  3711 | D:3      | Reached skill level 1 in Throwing
  3938 | D:3      | Found a hide-covered altar of Uskayaw.
  4135 | D:4      | Noticed a phantom
  4164 | D:4      | Noticed an ogre
  4179 | D:4      | Killed an ogre
  4180 | D:4      | Reached XP level 6. HP: 43/68 MP: 6/6
  4220 | D:4      | Killed a phantom
  4221 | D:4      | Reached skill level 7 in Fighting
  4448 | D:4      | Got a glimmering war axe
  4566 | D:4      | Identified the +11 war axe of Ipabron {flame, Int+4} (You
                  | found it on level 4 of the Dungeon)
  4577 | D:4      | Reached XP level 7. HP: 35/78 MP: 7/7
  4949 | D:4      | Reached skill level 1 in Axes
  5368 | D:5      | Entered Level 5 of the Dungeon
  5492 | D:5      | Found a broken altar of Ashenzari.
  5510 | D:5      | Reached skill level 8 in Fighting
  5783 | D:5      | Reached XP level 8. HP: 89/89 MP: 8/8
  6376 | D:6      | Found Olossudo's Gadget Emporium.
  6414 | D:6      | Reached skill level 9 in Fighting
  6654 | D:6      | Reached skill level 5 in Dodging
  6845 | D:6      | You fall into a shaft and drop 3 floors!
  6863 | D:9      | Reached skill level 10 in Fighting
  7136 | D:9      | Reached XP level 9. HP: 85/102 MP: 9/9
  7340 | D:8      | Noticed a two-headed ogre
  7351 | D:8      | Noticed a two-headed ogre
  7356 | D:8      | Killed a two-headed ogre
  7357 | D:8      | Reached skill level 11 in Fighting
  7357 | D:8      | Reached skill level 5 in Throwing
  7989 | D:8      | Found a staircase to the Lair.
  8378 | D:7      | Found an ornate altar of the Wu Jian Council.
  8446 | D:7      | Reached skill level 5 in Axes
  8599 | D:7      | Reached XP level 10. HP: 115/115 MP: 10/10
  8640 | D:7      | Found a basalt altar of Yredelemnul.
  8642 | D:7      | Noticed a profane servitor
  8654 | D:7      | Found a glowing golden altar of the Shining One.
  8656 | D:7      | Noticed an angel
  8822 | D:7      | Found a hazy altar of Hepliaklqana.
  8966 | D:6      | Reached skill level 12 in Fighting
  9442 | D:7      | Found a staircase to the Ecumenical Temple.
  9459 | Temple   | Entered the Ecumenical Temple
  9573 | Temple   | Became a worshipper of Warmaster Okawaru
  9573 | Temple   | Reached * piety under Okawaru
  9573 | Temple   | Reached ** piety under Okawaru
  9730 | D:8      | Killed a two-headed ogre
  9731 | D:8      | Reached skill level 1 in Invocations
  9779 | D:8      | Noticed Gastronok
  9837 | D:8      | Killed Gastronok
  9837 | D:8      | Reached *** piety under Okawaru
  9837 | D:8      | Received a gift from Okawaru
  9838 | D:8      | Reached skill level 13 in Fighting
 10490 | D:9      | Reached **** piety under Okawaru
 10683 | D:9      | Reached XP level 11. HP: 127/127 MP: 13/13
 10696 | D:9      | Noticed a skeletal warrior
 11175 | Lair:1   | Entered Level 1 of the Lair of Beasts
 11270 | Lair:1   | Received a gift from Okawaru
 11572 | Lair:1   | Got a heavily runed silver amulet
 11573 | Lair:1   | Identified the amulet of Toad {Faith rF+} (You found it on
                  | level 1 of the Lair of Beasts)
 11662 | Lair:1   | Reached skill level 14 in Fighting
 11822 | Lair:1   | Noticed an oklob plant
 11822 | Lair:1   | Noticed an oklob plant
 11860 | Lair:1   | Reached ***** piety under Okawaru
 12475 | Lair:1   | Received a gift from Okawaru
 12476 | Lair:1   | Reached skill level 5 in Invocations
 13051 | Lair:2   | Noticed a death yak
 13052 | Lair:2   | Noticed a death yak
 13053 | Lair:2   | Noticed a death yak
 13053 | Lair:2   | Noticed a death yak
 13095 | Lair:2   | HP: 6/131 [cane toad (18)]
 13611 | Lair:2   | Reached XP level 12. HP: 65/140 MP: 16/16
 13935 | Lair:2   | Reached skill level 15 in Fighting
 14050 | Lair:2   | Found a hole to the Spider Nest.
 14354 | Lair:1   | Killed a death yak
 14759 | Lair:1   | Received a gift from Okawaru
 15868 | Lair:2   | Noticed a four-headed hydra
 15876 | Lair:2   | Killed a one-headed hydra
 16022 | Lair:3   | Noticed a six-headed hydra
 16029 | Lair:3   | Killed a one-headed hydra
 16030 | Lair:3   | Reached skill level 16 in Fighting
 16256 | Lair:3   | Noticed a five-headed hydra
 16265 | Lair:3   | Killed a one-headed hydra
 16329 | Lair:3   | Received a gift from Okawaru
 16335 | Lair:3   | Reached XP level 13. HP: 131/154 MP: 18/18
 16388 | Lair:3   | Noticed Sonja
 16390 | Lair:3   | Killed Sonja
 16476 | Lair:3   | Received a gift from Okawaru
 16794 | Lair:3   | Found a staircase to the Swamp.
 17068 | Lair:4   | You fall into a shaft and drop 2 floors!
 17068 | Lair:6   | Entered Level 6 of the Lair of Beasts
 17085 | Lair:6   | Reached ****** piety under Okawaru
 17102 | Lair:6   | Received a gift from Okawaru
 17133 | Lair:6   | Found a dark tunnel.
 17139 | Volcano  | Entered a volcano
 17546 | Volcano  | Reached skill level 17 in Fighting
 17783 | Volcano  | Found a bloodstained altar of Trog.
 17806 | Volcano  | Found a bloodstained altar of Trog.
 18526 | Lair:5   | Found a viscous altar of Jiyva.
 18526 | Lair:5   | Found a staircase to the Slime Pits.
 18566 | Lair:5   | Reached XP level 14. HP: 122/167 MP: 20/20
 18791 | Lair:5   | Reached skill level 10 in Throwing
 18844 | Lair:4   | Received a gift from Okawaru
 18851 | Lair:4   | Reached skill level 18 in Fighting
 19068 | Lair:4   | Reached skill level 10 in Dodging
 19311 | Lair:4   | Received a gift from Okawaru
 19461 | Lair:4   | Reached skill level 10 in Axes
 19487 | Lair:4   | Got a masterwork mace
 19657 | Lair:4   | Received a gift from Okawaru
 19689 | Lair:4   | Noticed Nessos
 19694 | Lair:4   | Killed Nessos
 19830 | Lair:4   | Noticed a dire elephant
 19848 | Lair:4   | Killed a dire elephant
 19875 | Lair:4   | You fall into a shaft and drop 1 floor!
 20081 | Lair:4   | Received a gift from Okawaru
 20109 | Lair:4   | Identified the +6 mace "Dragonbane" {vorpal, rPois Str+3}
                  | (You found it on level 4 of the Lair of Beasts)
 21711 | Lair:6   | Reached skill level 19 in Fighting
 21824 | Lair:6   | Reached skill level 10 in Invocations
 21910 | Lair:6   | Reached XP level 15. HP: 144/180 MP: 22/22
 22072 | Lair:6   | Received a gift from Okawaru
 23349 | D:9      | Found a white marble altar of Elyvilon.
 23445 | D:9      | Found a sparkling altar of Nemelex Xobeh.
 23546 | D:9      | Noticed Josephine
 23560 | D:9      | Killed Josephine
 23912 | D:10     | Entered Level 10 of the Dungeon
 23976 | D:10     | Found a flagged portal.
 24019 | Bailey   | Entered a bailey
 24371 | Bailey   | Found a roughly hewn altar of Beogh.
 24480 | Bailey   | Got a bound granite ring
 24851 | D:10     | Noticed Nergalle
 24856 | D:10     | Killed Nergalle
 24870 | D:10     | Found a staircase to the Orcish Mines.
 24971 | Orc:1    | Entered Level 1 of the Orcish Mines
 25708 | Orc:2    | Entered Level 2 of the Orcish Mines
 25709 | Orc:2    | Found Iwugang's General Store.
 26236 | Orc:2    | Found Wingutosh's General Store.
 26244 | Orc:2    | Found Muucem's General Store.
 26259 | Orc:2    | Reached skill level 1 in Armour
 26558 | Orc:2    | Cast into level 2 of the Abyss (red devil)
 26571 | Abyss:2  | Identified the ring "Yholes" {rPois Str+4} (You found it in
                  | a bailey)
 26591 | Abyss:2  | Reached skill level 20 in Fighting
 26643 | Abyss:2  | Received a gift from Okawaru
 26644 | Abyss:2  | Got a smoking broad axe {god gift}
 26645 | Abyss:2  | Identified the +2 broad axe of the Fray {vamp, Dex+4}
                  | (Okawaru gifted it to you on level 2 of the Abyss)
 26888 | Abyss:2  | Noticed a tentacled starspawn
 26897 | Orc:2    | Escaped the Abyss
 27745 | Orc:2    | Reached XP level 16. HP: 183/186 MP: 24/24
 27751 | Orc:2    | Found a staircase to the Elven Halls.
 28133 | Orc:2    | HP: 4/194 [red devil/+2 demon trident of freezing (13)]
 28427 | Orc:2    | Received a gift from Okawaru
 28876 | D:11     | Found a gate leading to a gauntlet.
 28887 | Gauntlet | Entered a Gauntlet
 28887 | Gauntlet | Found a transporter.
 28887 | Gauntlet | Found a transporter.
 28928 | Gauntlet | Found a transporter.
 28928 | Gauntlet | Found a transporter.
 28937 | Gauntlet | Found a transporter.
 28956 | Gauntlet | Found a transporter.
 28966 | Gauntlet | Found a transporter.
 28966 | Gauntlet | Found a transporter.
 28970 | Gauntlet | Found a transporter.
 28997 | Gauntlet | Found a transporter.
 29006 | Gauntlet | Found a transporter.
 29053 | Gauntlet | Found a transporter.
 29063 | Gauntlet | Found a transporter.
 29077 | Gauntlet | Found a transporter.
 29181 | Gauntlet | Found a transporter.
 29197 | Gauntlet | Found a transporter.
 29467 | Gauntlet | HP: 8/195 [reaper/+2 scythe of venom (23)]
 29469 | Gauntlet | Gained mutation: Your spells are a little easier to cast,
                  | but a little less powerful. [potion of mutation]
 29469 | Gauntlet | Gained mutation: You have large cloven feet. [potion of
                  | mutation]
 29471 | Gauntlet | Mangled by a reaper

Illustrated notes

Levels and vault maps discovered:
D:1:      dpeg_arrival_tiny_k, layout_basic, minmay_small_reverse_x
D:2:      layout_loops_corners, serial_forest, infiniplex_forest_zigzag_2,
          infiniplex_forest_corner_1, infiniplex_forest_3_way,
          infiniplex_forest_lined_2, infiniplex_forest_3_way, uniq_terence
D:3:      minmay_door_path, layout_loops_ring,
          chequers_temple_overflow_minitemple, marbit_many_paths,
          vehumet_crystals
D:4:      layout_basic
D:5:      layout_loops_corners, lemuel_crystal_altar, serial_bayou_pond_a
D:6:      layout_cave_pods, serial_shops, shop, minmay_starry_boxes
D:7:      lemuel_ice_spiral_2, layout_basic, grunt_temple_overflow_holy_war,
          nzn_hepliaklqana_mist_gate, lemuel_crystal_altar,
          lemuel_temple_firewalk_b
D:8:      layout_basic, lair_entry_dummy, serial_corexii_hall,
          corexii_hall_statues_s, corexii_hall_statues_l, uniq_gastronok
D:9:      hangedman_screamer, layout_irregular_city, lemuel_crystal_altar,
          elyvilon_altar_3, hangedman_decor_riveting
D:10:     layout_loops_ring, orc_0_dummy, enter_bailey_2, uniq_nergalle
D:11:     kennysheep_spiral_hall, layout_rooms, gauntlet_entry_generic
Temple:   pf_slime_end_temple
Lair:1:   minmay_lair_oklob_tunnel, layout_cave_pods,
          nicolae_lair_grove_arrangements, grunt_forest_stairs_basic,
          serial_bayou_shore_b
Lair:2:   nzn_winding_woodlands_three_and_one
          [nzn_winding_woodlands_5x15_pathside_ponds,
          nzn_winding_woodlands_5x15_sidewinder,
          nzn_winding_woodlands_5x15_longhouse,
          nzn_winding_woodlands_center_lodge], layout_hall_layers,
          spider_nest_entry_webs, eino_house_with_fridge, serial_bayou_shore_b
Lair:3:   layout_regular_city, nicolae_swamp_entry_splash_gauntlet, uniq_sonja
Lair:4:   mu_elephants_graveyard, layout_cave_pods, serial_bayou_pond_e,
          kennysheep_catoblepas_arena, uniq_nessos, uniq_josephine
Lair:5:   layout_long_grid, dpeg_slime_entry_enclosed_altar, st_stairs_13,
          kennysheep_abandoned_house, serial_bayou_shore_a
Lair:6:   minmay_lair_end_frog_pond, layout_loops_ring, enter_volcano_3
Orc:1:    layout_diamond_mine
Orc:2:    pf_orc_diabolical, layout_diamond_mine, guppyfry_orc_lava_fort
Gauntlet: gammafunk_gauntlet_branching [gammafunk_gauntlet_arena_chambers,
          gammafunk_gauntlet_arena_hedges, nicolae_gauntlet_arena_t_cross,
          gammafunk_gauntlet_arena_arrow_garden,
          gammafunk_gauntlet_arena_crates, gammafunk_gauntlet_arena_teeth,
          gammafunk_gauntlet_arena_corners, gammafunk_gauntlet_arena_mazey,
          gauntlet_exit_spiral]

Skill      XL: |  1  2  3  4  5  6  7  8  9 10 11 12 13 14 15 |
---------------+----------------------------------------------+-----
Maces & Flails | 3 |  3.9
Dodging        | 3 4 5 6 7 8 9 10 11 | 11.0
Fighting       | 5 6 7 8 10 11 13 14 16 17 19 20 | 20.5
Throwing       | 1 2 4 5 6 7 8 9 10 11 | 11.7
Axes           | 2 3 5 6 7 8 9 10 11 | 11.5
Invocations    | 3 5 7 8 10 11 | 11.3
Armour         | 2 |  2.8
Stealth        | |  1.4

Action                   |  1- 3 |  4- 6 |  7- 9 | 10-12 | 13-15 | 16-18 || total
-------------------------+-------+-------+-------+-------+-------+-------++-------
Melee: Mace              |   135 |   183 |       |       |     7 |       ||   325
       Unarmed           |       |    14 |       |       |       |       ||    14
       War axe           |       |     8 |   147 |   332 |   936 |   101 ||  1524
       Punch             |       |       |       |     1 |     1 |       ||     2
       Executioner's axe |       |       |       |       |    67 |       ||    67
       Broad axe         |       |       |       |       |    25 |       ||    25
Throw: Dart              |       |     1 |     4 |    38 |    25 |       ||    68
       Throwing net      |       |       |       |     1 |       |       ||     1
       Large rock        |       |       |       |     3 |    79 |     1 ||    83
       Boomerang         |       |       |       |       |    12 |       ||    12
       Javelin           |       |       |       |       |     5 |       ||     5
Invok: Heroism           |       |       |       |     3 |     5 |       ||     8
       Finesse           |       |       |       |     1 |     2 |       ||     3
Evoke: Wand              |       |       |       |    14 |     4 |       ||    18
       Condenser vane    |       |       |       |       |     3 |     1 ||     4
  Use: Scroll            |       |    11 |     2 |    12 |    10 |     7 ||    42
       Potion            |       |     2 |     5 |     3 |     9 |     4 ||    23
 Stab: Sleeping          |     3 |     5 |     3 |     2 |     3 |       ||    16
       Invisible         |       |       |     1 |     1 |       |       ||     2
       Held in net/web   |       |       |       |     3 |       |       ||     3
       Distracted        |       |       |       |       |     1 |       ||     1
Armor: Robe              |    53 |    49 |    54 |    79 |       |       ||   235
       Skin              |       |     3 |       |       |       |       ||     3
       Troll leather arm |       |       |       |    48 |   346 |    37 ||   431
Dodge: Dodged            |   109 |   117 |   109 |   271 |   669 |    84 ||  1359
Block: Other             |       |     3 |    31 |   109 |   281 |    20 ||   444
       Reflection        |       |       |     2 |       |    16 |       ||    18

Table legend: (Time is in decaauts)
 A = Elapsed time spent in this place.
 B = Non-inter-level travel time spent in this place.
 C = Inter-level travel time spent in this place.
 D = Time resting spent in this place.
 E = Time spent auto-exploring this place.
 F = Levels seen in this place.
 G = Mean time per level.
                   A        B        C        D        E       F      G
               +--------+--------+--------+--------+--------+-----+--------+
         Total |  29702 |  28548 |   1154 |   4670 |  18318 |  24 | 1237.6 |
       Dungeon |  12899 |  12264 |    635 |   1386 |   8985 |  11 | 1172.6 |
        Temple |    127 |    114 |     13 |      0 |    106 |   1 |  127.0 |
          Lair |  11288 |  10860 |    428 |   1574 |   7235 |   6 | 1881.3 |
  Orcish Mines |   3199 |   3122 |     77 |   1145 |   1301 |   2 | 1599.5 |
         Abyss |    345 |    345 |      0 |     54 |      0 |   1 |  345.0 |
        Bailey |    471 |    471 |      0 |     93 |    211 |   1 |  471.0 |
       Volcano |    794 |    794 |      0 |    338 |    147 |   1 |  794.0 |
      Gauntlet |    577 |    577 |      0 |     80 |    333 |   1 |  577.0 |
               +--------+--------+--------+--------+--------+-----+--------+

Top non-repeatable levels by time:
  Lair:1: 2551 daAuts
  Lair:2: 2327 daAuts
     D:8: 2261 daAuts
  Lair:4: 2169 daAuts
   Orc:2: 2001 daAuts
     D:2: 1814 daAuts
  Lair:6: 1603 daAuts
  Lair:5: 1555 daAuts
     D:9: 1555 daAuts
     D:3: 1330 daAuts
     D:4: 1300 daAuts
   Orc:1: 1197 daAuts
  Lair:3: 1079 daAuts
     D:5: 1061 daAuts
     D:1: 1005 daAuts
